 Dungeon Crawl Stone Soup version 0.28.0-43-g3370ac3207 (webtiles) character file.

Game seed: 16912169087329522068

41 Ablot the Grasshopper (level 3, 0/31 HPs)
             Began as a Gnoll Warper on Mar 4, 2022.
             Succumbed to an adder's poison
             ... on level 1 of the Dungeon.
             The game lasted 00:01:49 (1476 turns).

Ablot the Grasshopper (Gnoll Warper)                Turns: 1476, Time: 00:01:49

Health: 0/31       AC:  3    Str: 12    XL:     3   Next: 52%
Magic:  9/9        EV: 12    Int: 12    God:
Gold:   19         SH:  0    Dex: 11    Spells: 10/12 levels left

rFire   . . .      SeeInvis .   i - +1 hand axe (venom)
rCold   . . .      Faith    .   (no shield)
rNeg    . . .      Spirit   .   b - +0 leather armour
rPois   .          Reflect  .   (no helmet)
rElec   .          Harm     .   (no cloak)
rCorr   .          Rampage  .   (no gloves)
Will    .....                   (no boots)
Stlth   +.........              (no amulet)
HPRegen 0.10/turn               (no ring)
MPRegen 0.11/turn               (no ring)

@: lethally poisoned (0 -> -3)
A: fangs 1, strong nose, distributed training
a: no special abilities


You were on level 1 of the Dungeon.
You visited 1 branch of the dungeon, and saw 2 of its levels.

You collected 19 gold pieces.

Inventory:

Hand Weapons
 a - a +0 spear
 i - a +1 hand axe of venom (weapon)
Missiles
 d - 5 boomerangs of dispersal (quivered)
 e - 55 stones
 g - 27 arrows
 h - 27 bolts
Armour
 b - a +0 leather armour (worn)
Jewellery
 f - a ring of flight
Scrolls
 c - a scroll of blinking
 j - 2 scrolls of magic mapping {unknown}
Potions
 k - a potion of degeneration {unknown}


   Skills:
 + Level 4.5 Fighting
 + Level 0.8 Short Blades
 + Level 0.8 Long Blades
 + Level 0.8 Axes
 + Level 0.8 Maces & Flails
 + Level 4.5 Polearms
 + Level 0.8 Staves
 + Level 0.8 Slings
 + Level 0.8 Bows
 + Level 0.8 Crossbows
 + Level 2.6 Throwing
 + Level 2.6 Armour
 + Level 4.5 Dodging
 + Level 0.8 Stealth
 + Level 0.8 Shields
 + Level 0.8 Unarmed Combat
 + Level 5.0 Spellcasting
 + Level 0.5 Conjurations
 + Level 0.5 Hexes
 + Level 0.5 Summonings
 + Level 0.5 Necromancy
 + Level 5.4 Translocations
 + Level 0.5 Transmutations
 + Level 0.5 Fire Magic
 + Level 0.5 Ice Magic
 + Level 0.5 Air Magic
 + Level 0.5 Earth Magic
 + Level 0.5 Poison Magic
 + Level 1.0 Invocations
 + Level 0.8 Evocations


You had 10 spell levels left.
You knew the following spells:

 Your Spells              Type           Power      Damage    Failure   Level
a - Blink                 Tloc           32%        N/A       4%          2

Your spell library contained the following spells:

 Spells                   Type           Power      Damage    Failure   Level
 Gell's Gravitas          Tloc           16%        N/A       9%          3
 Lesser Beckoning         Tloc           16%        N/A       9%          3
 Teleport Other           Tloc           16%        N/A       9%          3
 Manifold Assault         Tloc           16%        N/A       58%         5


Dungeon Overview and Level Annotations

Branches:
Dungeon (2/15)

Altars:

Shops:
D:1 ?

Annotations:
D:2 Robin


Innate Abilities, Weirdness & Mutations

You have very sharp teeth.
Your uncanny sense of smell can sniff out nearby items.
Your experience applies equally to all skills.


Message History

There is a stone staircase leading down here.
You see here a worm corpse.
You start resting.
HP restored.
You climb downwards.
Level annotation: Robin Robin roars a battlecry!
The goblins go into a battle-frenzy!
The goblin hits you with a +0 dagger. The adder bites you.
You are poisoned.
The adder poisons you! The goblin barely misses you.
Robin says, "My goblins will feast on your bones."
The goblin barely misses you. The goblin completely misses you.
The adder closely misses you. The goblin hits you with a +0 dagger.
There is a stone staircase leading up, spattered with blood here.
You feel sick. The adder bites you.
You are more poisoned.
The adder poisons you! The goblin hits you with a +0 dagger.
The hobgoblin completely misses you. The goblin barely misses you.
You climb upwards.
You feel very sick.
There is a stone staircase leading down here.
You see here a worm corpse.
You slash the hobgoblin!
You kill the hobgoblin!
You hit the goblin.
You kill the goblin!
You closely miss the adder. You closely miss the goblin. You hit the goblin.
You kill the goblin!
You feel sick. The adder closely misses you.
The goblin hits you with a +0 dagger.
* * * LOW HITPOINT WARNING * * *
The adder bites you.
* * * LOW HITPOINT WARNING * * *
Your Invocations skill increases to level 1!
* * * LOW HITPOINT WARNING * * *
You feel sick.
Things that are here:
a +0 club; a hobgoblin corpse; a hobgoblin corpse You die...

..#.....................# #.#####
#.#..#################..# #.#
#.#..# ♣♣♣♣♣♣ ♣.♣♣♣♣ #⌠⌠# #.#
#.#..#########♣♣♣##########.#
#.#..##.......####........#.#
#.#''#..###.....g)..#####...#
.......####.##.Sg##.# #####
####........##.#)##.#
##...≈≈≈≈≈...#.#@##.#
#..≈≈≈≈####....#.##.#############
.)≈≈≈###.#.##....................
.≈≈≈≈#.#..##≈≈.#.##.#############
.≈≈≈≈#.....#≈≈...##.# #..
≈≈≈≈≈#.#####≈≈≈..##.# #.#
######.#≈≈≈≈≈≈≈..##.# #.#
.......#≈≈≈≈≈≈≈..##.### #.#
######.#≈≈≈≈≈≈≈.......#########.#


You could see an adder and 2 goblins.

Vanquished Creatures
  A worm (D:1)
  A dart slug (D:1)
  3 endoplasms
  2 giant cockroaches (D:1)
  5 goblins (D:1)
  7 hobgoblins (D:1)
  4 ball pythons (D:1)
  4 bats (D:1)
  4 kobolds (D:1)
  2 rats (D:1)
33 creatures vanquished.

Notes
Turn   | Place    | Note
-------+----------+-------------------------------------------
     0 | D:1      | Ablot the Gnoll Warper began the quest for the Orb.
     0 | D:1      | Reached XP level 1. HP: 20/20 MP: 6/6
   395 | D:1      | Reached XP level 2. HP: 25/26 MP: 7/7
   398 | D:1      | Learned a level 2 spell: Blink
   937 | D:1      | Reached XP level 3. HP: 29/31 MP: 9/9
  1174 | D:1      | Found Gadunnus's Magic Scroll Boutique.
  1188 | D:1      | Reached skill level 5 in Spellcasting
  1389 | D:2      | Noticed Robin
  1475 | D:1      | Reached skill level 1 in Invocations
  1475 | D:1      | HP: 1/31 [poisoned by an adder]
  1476 | D:1      | Succumbed to an adder's poison

Illustrated notes

Levels and vault maps discovered:
D:1:      beargit_arrival_diablo_church, layout_basic, serial_shops, shop,
          moated_statue, grunt_decor_junction
D:2:      layout_rooms, hellmonk_ecumenical_altar_arch_garden,
          uniq_crazy_yiuf_cottage, uniq_robin

Skill      XL: |  1  2  3 |
---------------+----------+-----
Spellcasting   | 5 |  5.0
Invocations    | 1 |  1.0
Fighting       | |  4.5
Short Blades   | |  0.8
Long Blades    | |  0.8
Axes           | |  0.8
Maces & Flails | |  0.8
Polearms       | |  4.5
Staves         | |  0.8
Slings         | |  0.8
Bows           | |  0.8
Crossbows      | |  0.8
Throwing       | |  2.6
Armour         | |  2.6
Dodging        | |  4.5
Stealth        | |  0.8
Shields        | |  0.8
Unarmed Combat | |  0.8
Conjurations   | |  0.5
Hexes          | |  0.5
Summonings     | |  0.5
Necromancy     | |  0.5
Translocations | |  5.4
Transmutations | |  0.5
Fire Magic     | |  0.5
Ice Magic      | |  0.5
Air Magic      | |  0.5
Earth Magic    | |  0.5
Poison Magic   | |  0.5
Evocations     | |  0.8

Action                   || total
-------------------------++-------
Melee: Spear             ||    43
       Hand axe          ||    29
       Dagger            ||     7
       Bite              ||     4
       Punch             ||     1
 Stab: Sleeping          ||     1
Armor: Leather armour    ||    11
Dodge: Dodged            ||    54
